Description

my

Replay - Scarlett v Serral: Game 3 - 亚历山大港 - 天梯版

Build Order

Get SALT Encoding   

  12  0:00  Drone  
  13  0:13  Overlord  
  13  0:19  Drone  
  14  0:31  Drone  
  14  0:32  Drone  
  16  0:49  Hatchery  
  15  0:52  Drone  
  15  0:56  Drone  
  17  0:59  Drone  
  18  1:10  Extractor  
  17  1:15  Spawning Pool  
  17  1:18  Drone  
  17  1:21  Drone  
  18  1:28  Drone  
  19  1:40  Drone  
  20  1:50  Drone  
  21  2:01  Drone, Overlord  
  22  2:02  Queen x2  
  26  2:11  Drone  
  26  2:12  Drone  
  26  2:14  Metabolic Boost  
  28  2:22  Drone x2  
  30  2:27  Evolution Chamber  
  29  2:34  Drone, Zergling x2  
  31  2:38  Queen  
  31  2:43  Overlord  
  33  2:48  Drone  
  34  2:55  Zerg Melee Weapons Level 1  
  34  2:57  Drone x2  
  36  3:05  Extractor  
  35  3:07  Drone  
  35  3:08  Drone  
  35  3:10  Drone x4  
  41  3:15  Overlord  
  41  3:18  Drone x2  
  43  3:21  Drone  
  43  3:26  Evolution Chamber  
  43  3:33  Overlord  
  43  3:34  Drone  
  44  3:43  Zergling x2  
  44  3:44  Zergling x4  
  44  3:46  Drone x3  
  44  3:48  Lair  
  50  3:56  Hatchery  
  49  4:03  Zergling x8  
  49  4:07  Zerg Ground Armor Level 1  
  53  4:11  Overlord  
  53  4:14  Overlord  
  53  4:23  Drone x5  
  58  4:26  Extractor  
  58  4:27  Extractor  
  58  4:28  Drone x3  
  59  4:35  Drone  
  59  4:36  Zergling x2  
  59  4:37  Queen  
  63  4:51  Zerg Melee Weapons Level 2  
  63  4:57  Hydralisk Den  
  63  4:58  Drone x7  
  69  5:04  Overlord  
  69  5:09  Overseer  
  69  5:18  Zergling x10  
  74  5:23  Overlord  
  74  5:28  Drone x4  
  78  5:33  Drone  
  78  5:34  Lurker Den  
  78  5:39  Overlord x2  
  78  5:41  Drone x2  
  78  5:42  Drone x2  
  82  5:46  Drone  
  82  5:47  Drone  
  84  5:53  Zergling x2  
  84  5:54  Zergling x6  
  84  5:55  Hydralisk  
  84  5:56  Hydralisk x3  
  96  6:03  Zerg Missile Weapons Level 1  
  96  6:09  Hatchery  
  95  6:13  Hydralisk x3  
  101  6:23  Hydralisk x2  
  105  6:26  Zergling x16  
  113  6:34  Infestation Pit  
  113  6:37  Overlord x4  
  112  6:43  Overlord  
  112  6:48  Overlord x2  
  112  6:58  Zergling x16  
  118  7:02  Lurker x5  
  118  7:04  Zergling x4  
  118  7:07  Zergling x6  
  128  7:12  Zergling x6  
  128  7:15  Hive  
  131  7:21  Zergling x6  
  134  7:23  Lurker  
  134  7:27  Hydralisk  
  134  7:28  Zergling x6  
  138  7:39  Zergling x20  
  138  7:41  Overlord  
  148  7:49  Lurker x2  
  148  8:03  Zergling x24  
  160  8:11  Lurker  
  160  8:12  Lurker  
  156  8:20  Zergling x20  
Spawning Tool Build Advisor. Get it on Overwolf

Analysis

my

Go to:

Details

  • Created by: Soiin
  • Published on: Apr 09, 2019
  • Modified on: Apr 09, 2019
  • Patch: 4.7.1
Show
View Real Time Build Order
Export as new Build Order

Comments (0)

There are no comments. Be the first!

Create an account to comment!